 Dungeon Crawl Stone Soup version 0.30-a0-1160-g6e42c06551 (webtiles) character file.

Game seed: 3236547995907995012

28 ragingrage the Shooter (level 3, -3/32 HPs)
             Began as a Naga Hunter on Apr 26, 2023.
             Slain by a gnoll
             ... wielding a +0 whip
              (6 damage)
             ... on level 2 of the Dungeon.
             The game lasted 00:00:44 (967 turns).

ragingrage the Shooter (Naga Hunter)                 Turns: 967, Time: 00:00:45

Health: -3/32      AC:  6    Str: 13    XL:     3   Next: 12%
Magic:  3/3        EV:  9    Int:  9    God:
Gold:   67         SH:  0    Dex: 16    Spells: 2/2 levels left

rFire   . . .        a - +0 shortbow
rCold   . . .        (shield currently unavailable)
rNeg    . . .        c - +0 leather armour
rPois   +            m - +0 helmet
rElec   .            i - +2 cloak
rCorr   .            (no gloves)
SInv    +            (no barding)
Will    .....        (no amulet)
Stlth   ++           (no ring)
HPRegen 0.25/turn    (no ring)
MPRegen 0.08/turn

%: no passive effects
@: very slow
A: AC +1, large, see invisible, deformed body, poison resistance, slowness 2,
spit poison 1, naga tail 1
a: Spit Poison


You were on level 2 of the Dungeon.
You visited 1 branch of the dungeon, and saw 2 of its levels.

You collected 67 gold pieces.

Inventory:

Hand Weapons
 a - a +0 shortbow (weapon)
 d - a +1 short sword of holy wrath
Missiles
 j - 3 poisoned darts
Armour
 c - a +0 leather armour (worn)
 i - a +2 cloak (worn)
 m - a +0 helmet (worn)
Scrolls
 b - a scroll of immolation
 g - 3 scrolls of magic mapping {unknown}
 h - a scroll of acquirement {unknown}
 k - 2 scrolls of teleportation {unknown}
 l - a scroll of enchant weapon {unknown}
 n - a scroll of silence {unknown}
Potions
 e - 2 potions of ambrosia {unknown}
 f - a potion of haste {unknown}
 o - a potion of degeneration {unknown}
 p - a potion of heal wounds {unknown}
 q - a potion of magic {unknown}


   Skills:
 - Level 2.0 Fighting
 + Level 4.5 Ranged Weapons
 - Level 1.5 Dodging
 - Level 1.5 Stealth


You had 2 spell levels left.
You didn't know any spells.
Your spell library was empty.

Dungeon Overview and Level Annotations

Branches:
Dungeon (2/15)

Altars:


Innate Abilities, Weirdness & Mutations

Your serpentine skin is tough. (AC +1)
You have supernaturally acute eyesight. (SInv)
Armour fits poorly on your strangely shaped body.
Your system is resistant to poisons. (rPois)
You cover ground very slowly.
You can spit poison.
You have a snake-like lower body.


Message History

q - a glowing yellow potion As you open the door, it creaks loudly!
No target in view!
Found a stone staircase leading up.
No target in view!
There is a stone staircase leading up here.
A rat comes into view.
You shoot an arrow. The arrow hits the rat!
You kill the rat!
No target in view!
You see here a rat corpse.
A gnoll comes into view. It is wielding a +0 whip.
You shoot an arrow. The arrow hits the gnoll.
The gnoll shouts!
You hear a shout!
A gnoll comes into view. It is wielding a +0 halberd.
A gnoll comes into view. It is wielding a +0 spear.
The gnoll moves out of view.
There are monsters nearby!
You shoot an arrow. The arrow closely misses the gnoll.
The arrow barely misses the gnoll.
The gnoll shouts!
Aiming: Spit Poison (2% risk of failure)
Aim: a gnoll, wielding a +0 whip (moderately wounded, 65% to hit)
The splash of poison misses the gnoll.
The gnoll barely misses you.
The gnoll hits you from afar with a +0 spear.
The gnoll barely misses you.
You have got your breath back.
The gnoll barely misses you. The gnoll hits you with a +0 whip.
The gnoll attacks as you move away! The gnoll hits you but does no damage.
The gnoll attacks as you move away! The gnoll hits you with a +0 whip!
The gnoll misses you. The gnoll attacks as you move away!
The gnoll hits you with a +0 whip.
The gnoll hits you from afar with a +0 spear.
The gnoll hits you with a +0 whip!
* * * LOW HITPOINT WARNING * * *
The gnoll attacks as you move away! The gnoll hits you with a +0 whip.
* * * LOW HITPOINT WARNING * * *
There is a stone staircase leading up here.
The gnoll hits you with a +0 whip.
You die...

#..............
###....#####...####
#....### #......
#....#######.##.#
#.......gg......####
###'#.######.......#
#.#g#...#......#..#
#.#g#.#.#.#.##.#.....
#.#.#@#.#.#.##.#.##...
#.#.g.#.#.#.##)#.# ##
#.###.#.#.#.##...# #.
#.#.#.#.######
#.#.#.#.# #.#.#.#.#
#.#†..# #.##### .#


You could see a gnoll.

Vanquished Creatures
  2 ball pythons
  2 bats (D:1)
  3 endoplasms (D:1)
  A goblin (D:2)
  4 hobgoblins
  A quokka (D:1)
  3 frilled lizards (D:1)
  4 kobolds
  6 rats
26 creatures vanquished.

Notes
Turn   | Place    | Note
-------+----------+-------------------------------------------
     0 | D:1      | ragingrage the Naga Hunter began the quest for the Orb.
     0 | D:1      | Reached XP level 1. HP: 19/19 MP: 1/1
   154 | D:1      | Reached skill level 4 in Ranged Weapons
   154 | D:1      | Reached XP level 2. HP: 26/26 MP: 2/2
   860 | D:2      | Reached XP level 3. HP: 32/32 MP: 3/3
   967 | D:2      | Slain by a gnoll

Illustrated notes

Levels and vault maps discovered:
D:1:      onia_arrival_handbag, layout_basic
D:2:      layout_basic, minmay_door_square

Skill      XL: |  1 |
---------------+----+-----
Ranged Weapons | 4 |  4.5
Fighting       | |  2.0
Dodging        | |  1.5
Stealth        | |  1.5

Action                     || total
---------------------------++-------
   Fire: Shortbow          ||    50
Ability: Spit Poison       ||     2
 Armour: Leather armour    ||     1
  Dodge: Dodged            ||     4

Table legend: (Time is in decaauts)
 A = Elapsed time spent in this place.
 B = Non-inter-level travel time spent in this place.
 C = Inter-level travel time spent in this place.
 D = Time resting spent in this place.
 E = Time spent auto-exploring this place.
 F = Levels seen in this place.
 G = Mean time per level.
                   A        B        C        D        E       F      G
               +--------+--------+--------+--------+--------+-----+--------+
         Total |   1317 |   1260 |     57 |      0 |   1086 |   2 |  658.5 |
       Dungeon |   1317 |   1260 |     57 |      0 |   1086 |   2 |  658.5 |
               +--------+--------+--------+--------+--------+-----+--------+

Top non-repeatable levels by time:
     D:1: 789 daAuts
     D:2: 528 daAuts
